[ AOE2 MATCH · #495412762 ]
UnrankedHindustanis vs Persians
Rival team · LOSS
[ REPLAY ANALYSIS · EXTRACTED FROM THE RECORDED GAME ]
Feudal
9:16
Castle
—
Imperial
—
| APM avg | 53.8 |
| APM peak | 114 |
| eAPM avg | 22.2 |
| Villagers / military | 48 / 29 |
Focus
⚔️ 36.6% · 🌾 63.4%
Archer ×24 · Spearman ×3 · Militia ×2
Feudal
22:15
Castle
—
Imperial
—
| APM avg | 74.2 |
| APM peak | 129 |
| eAPM avg | 31.6 |
| Villagers / military | 76 / 10 |
Focus
⚔️ 19.0% · 🌾 81.0%
Scout Cavalry ×10
Match map
Initial resources + every placement click. Lines = walls · curves = elevation contours. ◆ gold · ⬟ stone · ● berries · ✦ relic · ◌ wall gap
Your base· Open — unwalled flank
FC_M@sTer's base· Open — unwalled flank
Smoothed initial terrain · ◌ = detected wall gap · hover for details
Inputs per minute
— DS_Tortafuller - - FC_M@sTer
Build order — DS_Tortafuller
144 actions detected in the replay
| 0:00 | Queue | Villager (Male) |
| 0:01 | Queue | Villager (Male) |
| 0:01 | Queue | Villager (Male) |
| 0:01 | Queue | Villager (Male) |
| 0:02 | Build | House |
| 0:03 | Build | House |
| 1:07 | Queue | Villager (Male) |
| 1:32 | Queue | Villager (Male) |
| 1:48 | Build | Lumber Camp |
| 2:00 | Queue | Villager (Male) |
| 2:17 | Queue | Villager (Male) |
| 2:58 | Queue | Villager (Male) |
| 2:58 | Queue | Villager (Male) |
| 3:18 | Build | House |
| 3:30 | Queue | Villager (Male) |
| 3:30 | Queue | Villager (Male) |
| 3:45 | Queue | Villager (Male) |
| 4:26 | Research | Loom |
| 4:45 | Build | Mill |
| 4:54 | Queue | Villager (Male) |
| 5:19 | Queue | Villager (Male) |
| 5:22 | Queue | Villager (Male) |
| 5:51 | Queue | Villager (Male) |
| 5:57 | Build | House |
| 6:38 | Queue | Villager (Male) |
| 6:40 | Queue | Villager (Male) |
| 6:58 | Research | Feudal Age |
| 7:40 | Queue | Villager (Male) |
| 8:08 | Queue | Villager (Male) |
| 9:16 | Age | Feudal Age |
| 9:23 | Queue | Villager (Male) |
| 9:23 | Queue | Villager (Male) |
| 9:41 | Queue | Villager (Male) |
| 10:07 | Build | Palisade Wall |
| 10:36 | Queue | Villager (Male) |
| 10:36 | Queue | Villager (Male) |
| 10:42 | Build | Barracks |
| 11:20 | Build | Town Center |
| 11:29 | Build | Palisade Wall |
| 11:31 | Build | Palisade Wall |
| 11:35 | Build | Palisade Wall |
| 11:42 | Build | Palisade Wall |
| 11:44 | Build | Palisade Wall |
| 11:50 | Build | Palisade Wall |
| 11:56 | Build | Palisade Wall |
| 11:59 | Build | Palisade Wall |
| 12:03 | Build | Palisade Wall |
| 12:14 | Build | Palisade Wall |
| 12:16 | Build | Palisade Wall |
| 12:18 | Build | Palisade Wall |
| 12:21 | Queue | Villager (Male) |
| 12:21 | Queue | Villager (Male) |
| 12:21 | Queue | Villager (Male) |
| 12:22 | Queue | Villager (Male) |
| 12:22 | Queue | Villager (Male) |
| 12:22 | Queue | Villager (Male) |
| 12:26 | Build | Palisade Wall |
| 12:31 | Build | Palisade Gate |
| 12:41 | Build | Palisade Wall |
| 12:49 | Build | House |
| 13:21 | Build | Palisade Wall |
| 13:23 | Build | Palisade Wall |
| 13:33 | Build | Archery Range |
| 13:55 | Build | Palisade Wall |
| 14:07 | Build | Palisade Wall |
| 14:11 | Queue | Archer |
| 14:12 | Queue | Archer |
| 14:12 | Queue | Archer |
| 14:12 | Queue | Archer |
| 14:15 | Build | House |
| 14:24 | Build | House |
| 14:43 | Build | Palisade Gate |
| 14:47 | Build | Palisade Wall |
| 14:49 | Build | Palisade Wall |
| 14:51 | Build | Palisade Wall |
| 14:53 | Build | Palisade Wall |
| 15:03 | Queue | Villager (Male) |
| 15:04 | Queue | Archer |
| 15:09 | Build | House |
| 15:18 | Build | Palisade Wall |
| 15:22 | Build | Palisade Wall |
| 15:27 | Queue | Archer |
| 15:33 | Build | Mill |
| 15:40 | Build | Farm |
| 15:42 | Build | Farm |
| 15:47 | Queue | Archer |
| 15:47 | Queue | Archer |
| 15:51 | Build | House |
| 16:25 | Queue | Archer |
| 16:45 | Queue | Archer |
| 16:50 | Build | House |
| 17:23 | Queue | Villager (Male) |
| 17:24 | Queue | Villager (Male) |
| 17:25 | Queue | Archer |
| 17:33 | Queue | Archer |
| 18:36 | Queue | Villager (Male) |
| 18:36 | Queue | Villager (Male) |
| 18:37 | Queue | Villager (Male) |
| 18:43 | Queue | Archer |
| 19:03 | Queue | Archer |
| 19:03 | Queue | Archer |
| 19:18 | Queue | Villager (Male) |
| 19:22 | Queue | Archer |
| 19:23 | Queue | Archer |
| 19:24 | Queue | Villager (Male) |
| 20:00 | Build | House |
| 20:00 | Build | House |
| 20:16 | Queue | Archer |
| 20:28 | Build | Blacksmith |
| 20:31 | Queue | Villager (Male) |
| 20:31 | Queue | Villager (Male) |
| 20:41 | Build | Mining Camp |
| 21:05 | Queue | Villager (Male) |
| 21:14 | Queue | Archer |
| 21:21 | Queue | Villager (Male) |
| 22:07 | Queue | Archer |
| 22:24 | Queue | Villager (Male) |
| 22:24 | Queue | Villager (Male) |
| 22:52 | Build | Archery Range |
| 23:20 | Build | Mill |
| 23:21 | Build | Farm |
| 23:21 | Build | Farm |
| 23:21 | Build | Farm |
| 23:21 | Build | Farm |
| 23:22 | Build | Farm |
| 23:22 | Build | Farm |
| 23:22 | Build | Farm |
| 23:40 | Build | Market |
| 24:11 | Queue | Archer |
| 24:29 | Queue | Archer |
| 24:29 | Queue | Archer |
| 24:32 | Build | House |
| 25:08 | Queue | Villager (Male) |
| 25:33 | Build | Palisade Gate |
| 25:58 | Queue | Villager (Male) |
| 26:05 | Research | Fletching |
| 26:22 | Build | Watch Tower |
| 26:49 | Queue | Spearman |
| 26:51 | Queue | Militia |
| 26:51 | Queue | Militia |
| 27:01 | Build | Town Center |
| 27:21 | Queue | Spearman |
| 27:52 | Queue | Spearman |
| 27:58 | Queue | Archer |
Build order — FC_M@sTer
149 actions detected in the replay
| 0:00 | Queue | Villager (Male) |
| 0:00 | Queue | Villager (Male) |
| 0:01 | Queue | Villager (Male) |
| 0:01 | Queue | Villager (Male) |
| 0:02 | Build | House |
| 0:04 | Build | House |
| 0:04 | Queue | Villager (Male) |
| 0:04 | Queue | Villager (Male) |
| 1:30 | Queue | Villager (Male) |
| 1:30 | Queue | Villager (Male) |
| 1:31 | Queue | Villager (Male) |
| 1:51 | Build | Lumber Camp |
| 2:13 | Queue | Villager (Male) |
| 2:46 | Queue | Villager (Male) |
| 2:46 | Queue | Villager (Male) |
| 2:46 | Queue | Villager (Male) |
| 2:56 | Build | House |
| 3:07 | Queue | Villager (Male) |
| 3:07 | Queue | Villager (Male) |
| 3:20 | Queue | Villager (Male) |
| 3:21 | Queue | Villager (Male) |
| 4:11 | Queue | Villager (Male) |
| 4:11 | Queue | Villager (Male) |
| 4:12 | Queue | Villager (Male) |
| 4:37 | Research | Loom |
| 4:37 | Research | Loom |
| 5:22 | Queue | Villager (Male) |
| 5:32 | Build | House |
| 5:37 | Queue | Villager (Male) |
| 6:16 | Build | Mill |
| 6:17 | Queue | Villager (Male) |
| 6:56 | Queue | Villager (Male) |
| 7:41 | Build | Town Center |
| 7:59 | Build | Palisade Gate |
| 8:05 | Build | Palisade Gate |
| 8:13 | Build | House |
| 8:26 | Build | Palisade Gate |
| 8:42 | Queue | Villager (Male) |
| 8:42 | Queue | Villager (Male) |
| 8:42 | Queue | Villager (Male) |
| 8:56 | Queue | Villager (Male) |
| 8:57 | Queue | Villager (Male) |
| 9:36 | Build | Palisade Wall |
| 9:39 | Queue | Villager (Male) |
| 9:39 | Queue | Villager (Male) |
| 9:52 | Build | Palisade Wall |
| 9:53 | Build | Palisade Wall |
| 10:18 | Build | Palisade Wall |
| 10:19 | Build | Palisade Wall |
| 10:19 | Build | Palisade Wall |
| 10:20 | Build | Palisade Wall |
| 10:21 | Build | Palisade Wall |
| 10:22 | Build | Palisade Wall |
| 10:22 | Queue | Villager (Male) |
| 10:22 | Queue | Villager (Male) |
| 11:12 | Queue | Villager (Male) |
| 11:12 | Queue | Villager (Male) |
| 11:17 | Build | House |
| 11:26 | Build | House |
| 11:27 | Build | House |
| 11:45 | Queue | Villager (Male) |
| 11:45 | Queue | Villager (Male) |
| 11:47 | Build | House |
| 11:54 | Build | Mill |
| 12:16 | Build | House |
| 12:40 | Queue | Villager (Male) |
| 12:40 | Queue | Villager (Male) |
| 13:01 | Queue | Villager (Male) |
| 13:02 | Queue | Villager (Male) |
| 13:02 | Queue | Villager (Male) |
| 13:13 | Queue | Villager (Male) |
| 13:13 | Queue | Villager (Male) |
| 14:21 | Build | House |
| 14:23 | Build | Palisade Wall |
| 14:34 | Queue | Villager (Male) |
| 14:34 | Queue | Villager (Male) |
| 14:43 | Build | Palisade Wall |
| 14:44 | Build | Palisade Wall |
| 15:08 | Queue | Villager (Male) |
| 15:08 | Queue | Villager (Male) |
| 15:32 | Queue | Villager (Male) |
| 15:33 | Queue | Villager (Male) |
| 15:33 | Queue | Villager (Male) |
| 16:06 | Queue | Villager (Male) |
| 16:06 | Queue | Villager (Male) |
| 17:18 | Build | Lumber Camp |
| 17:29 | Build | Town Center |
| 17:42 | Build | Lumber Camp |
| 18:30 | Queue | Villager (Male) |
| 18:30 | Queue | Villager (Male) |
| 18:34 | Queue | Villager (Male) |
| 18:34 | Queue | Villager (Male) |
| 18:34 | Queue | Villager (Male) |
| 18:35 | Queue | Villager (Male) |
| 18:39 | Queue | Villager (Male) |
| 18:39 | Queue | Villager (Male) |
| 18:39 | Queue | Villager (Male) |
| 18:40 | Queue | Villager (Male) |
| 18:40 | Queue | Villager (Male) |
| 18:40 | Queue | Villager (Male) |
| 18:41 | Queue | Villager (Male) |
| 18:57 | Build | Mill |
| 19:03 | Queue | Villager (Male) |
| 19:04 | Queue | Villager (Male) |
| 19:38 | Queue | Villager (Male) |
| 19:39 | Queue | Villager (Male) |
| 20:09 | Research | Feudal Age |
| 20:09 | Research | Feudal Age |
| 20:30 | Build | Mining Camp |
| 20:45 | Build | Barracks |
| 21:03 | Build | Farm |
| 21:30 | Build | Farm |
| 21:37 | Build | Mill |
| 21:38 | Build | Farm |
| 21:39 | Build | Farm |
| 21:39 | Build | Farm |
| 21:39 | Build | Farm |
| 21:39 | Build | Farm |
| 21:55 | Queue | Villager (Male) |
| 21:55 | Queue | Villager (Male) |
| 21:58 | Build | Farm |
| 21:58 | Build | Farm |
| 21:59 | Build | Farm |
| 22:06 | Build | Farm |
| 22:09 | Build | Farm |
| 22:15 | Age | Feudal Age |
| 22:31 | Build | Stable |
| 22:36 | Research | Double-Bit Axe |
| 22:36 | Research | Double-Bit Axe |
| 22:47 | Build | Blacksmith |
| 23:11 | Queue | Scout Cavalry |
| 23:11 | Queue | Scout Cavalry |
| 23:40 | Build | Farm |
| 23:41 | Build | Farm |
| 23:49 | Queue | Scout Cavalry |
| 23:52 | Queue | Villager (Male) |
| 23:52 | Queue | Villager (Male) |
| 24:16 | Queue | Villager (Male) |
| 24:16 | Queue | Villager (Male) |
| 24:34 | Build | Farm |
| 25:01 | Queue | Scout Cavalry |
| 25:07 | Build | Archery Range |
| 25:25 | Queue | Scout Cavalry |
| 25:36 | Queue | Scout Cavalry |
| 25:56 | Queue | Scout Cavalry |
| 26:36 | Queue | Scout Cavalry |
| 27:23 | Queue | Scout Cavalry |
| 27:23 | Queue | Scout Cavalry |
| 27:47 | Build | Lumber Camp |
Match timeline
| 9:16 | DS_Tortafuller · age_up feudal |
| 9:36 | FC_M@sTer · wall_segment Palisade Wall x1 |
| 9:52 | FC_M@sTer · wall_segment Palisade Wall x1 |
| 9:53 | FC_M@sTer · wall_segment Palisade Wall x1 |
| 10:07 | DS_Tortafuller · wall_segment Palisade Wall x1 |
| 10:18 | FC_M@sTer · wall_segment Palisade Wall x1 |
| 10:19 | FC_M@sTer · wall_segment Palisade Wall x1 |
| 10:19 | FC_M@sTer · wall_segment Palisade Wall x1 |
| 10:20 | FC_M@sTer · wall_segment Palisade Wall x1 |
| 10:21 | FC_M@sTer · wall_segment Palisade Wall x1 |
| 10:22 | FC_M@sTer · wall_segment Palisade Wall x1 |
| 10:42 | DS_Tortafuller · first_building Barracks |
| 11:29 | DS_Tortafuller · wall_segment Palisade Wall x1 |
| 11:31 | DS_Tortafuller · wall_segment Palisade Wall x1 |
| 11:35 | DS_Tortafuller · wall_segment Palisade Wall x1 |
| 11:42 | DS_Tortafuller · wall_segment Palisade Wall x1 |
| 11:44 | DS_Tortafuller · wall_segment Palisade Wall x1 |
| 11:50 | DS_Tortafuller · wall_segment Palisade Wall x1 |
| 11:56 | DS_Tortafuller · wall_segment Palisade Wall x1 |
| 11:59 | DS_Tortafuller · wall_segment Palisade Wall x1 |
| 12:03 | DS_Tortafuller · wall_segment Palisade Wall x1 |
| 12:14 | DS_Tortafuller · wall_segment Palisade Wall x1 |
| 12:16 | DS_Tortafuller · wall_segment Palisade Wall x1 |
| 12:18 | DS_Tortafuller · wall_segment Palisade Wall x1 |
| 12:26 | DS_Tortafuller · wall_segment Palisade Wall x1 |
| 12:41 | DS_Tortafuller · wall_segment Palisade Wall x1 |
| 13:21 | DS_Tortafuller · wall_segment Palisade Wall x1 |
| 13:23 | DS_Tortafuller · wall_segment Palisade Wall x1 |
| 13:33 | DS_Tortafuller · first_building Archery Range |
| 13:55 | DS_Tortafuller · wall_segment Palisade Wall x1 |
| 14:07 | DS_Tortafuller · wall_segment Palisade Wall x1 |
| 14:23 | FC_M@sTer · wall_segment Palisade Wall x1 |
| 14:43 | FC_M@sTer · wall_segment Palisade Wall x1 |
| 14:44 | FC_M@sTer · wall_segment Palisade Wall x1 |
| 14:47 | DS_Tortafuller · wall_segment Palisade Wall x1 |
| 14:49 | DS_Tortafuller · wall_segment Palisade Wall x1 |
| 14:51 | DS_Tortafuller · wall_segment Palisade Wall x1 |
| 14:53 | DS_Tortafuller · wall_segment Palisade Wall x1 |
| 15:18 | DS_Tortafuller · wall_segment Palisade Wall x1 |
| 15:22 | DS_Tortafuller · wall_segment Palisade Wall x1 |
| 20:45 | FC_M@sTer · first_building Barracks |
| 22:15 | FC_M@sTer · age_up feudal |
| 22:31 | FC_M@sTer · first_building Stable |
| 25:07 | FC_M@sTer · first_building Archery Range |
| 27:58 | FC_M@sTer · resign |
[ AI ANALYSIS · 1 CREDIT ]
What really happened in this match?
Wolo.gg analyzes every decision: build order, eco, micro, common mistakes by bracket. Personalized analysis on WhatsApp or Discord in 30 seconds.
Civ guide
Hindustanis
Perfil
Jugador #5540767